 Dungeon Crawl Stone Soup version 0.30-a0-5-g3a90980b9d (webtiles) character file.

Game seed: 8047212046277871372

112 Plasmagod the Trooper (level 4, -2/32 HPs)
             Began as a Gargoyle Fighter on Aug 22, 2022.
             Killed from afar by an orc wizard (4 damage)
             ... with a magic dart
             ... on level 3 of the Dungeon.
             The game lasted 00:02:26 (1795 turns).

Plasmagod the Trooper (Gargoyle Fighter)            Turns: 1795, Time: 00:02:26

Health: -2/32      AC: 10    Str: 21    XL:     4   Next: 93%
Magic:  4/4        EV:  9    Int:  9    God:
Gold:   133        SH:  4    Dex:  9    Spells: 3/3 levels left

rFire   . . .      SeeInvis .    a - +0 war axe
rCold   . . .      Faith    .    c - +0 buckler
rNeg    + . .      Spirit   .    b - +0 scale mail
rPois   ∞          Reflect  .    (no helmet)
rElec   +          Harm     .    (no cloak)
rCorr   .          Rampage  .    (no gloves)
Will    .....                    (no boots)
Stlth   ..........               (no amulet)
HPRegen 0.10/turn                (no ring)
MPRegen 0.09/turn                (no ring)

@: no status effects
A: sickness immunity, AC +3, negative energy resistance 1, electricity
resistance, torment resistance 1, petrification resistance
a: no special abilities


You were on level 3 of the Dungeon.
You visited 1 branch of the dungeon, and saw 3 of its levels.

You collected 133 gold pieces.

Inventory:

Hand Weapons
 a - a +0 war axe (weapon)
Armour
 b - a +0 scale mail (worn)
 c - a +0 buckler (worn)
Jewellery
 f - a +4 ring of protection
Scrolls
 e - a scroll of identify {unknown}
 g - a scroll of teleportation {unknown}
Potions
 d - a potion of might


   Skills:
 + Level 5.8 Fighting
 - Level 2.1 Axes
 - Level 3.2 Armour
 - Level 3.2 Shields


You had 3 spell levels left.
You didn't know any spells.
Your spell library contained the following spells:

 Spells                   Type           Power      Damage    Failure   Level
 Apportation              Tloc           0%         N/A       82%         1
 Magic Dart               Conj           0%         1d3       82%         1
 Sting                    Tmut/Pois      0%         1d3       82%         1
 Call Imp                 Summ           0%         N/A       91%         2
 Poisonous Vapours        Pois/Air       0%         N/A       91%         2
 Mephitic Cloud           Conj/Pois/Air  0%         N/A       99%         3
 Airstrike                Air            0%         2d(0-16)  100%        4
 Alistair's Intoxication  Tmut/Pois      0%         N/A       100%        5
 Freezing Cloud           Conj/Ice/Air   0%         6-21      100%        5


Dungeon Overview and Level Annotations

Branches:
Dungeon (3/15)

Altars:
Vehumet

Shops:
D:1 (


Innate Abilities, Weirdness & Mutations

You are immune to sickness and miasma.
Your stone body is resilient. (AC +3)
You are immune to poison.
You resist negative energy. (rN+)
You are resistant to electric shocks. (rElec)
You are resistant to unholy torment.
You are immune to petrification.


Message History

* * * LOW HITPOINT WARNING * * *
Something hits you but does no damage. x2; Something hits you.
* * * LOW HITPOINT WARNING * * *
You hear some strange, mumbled words.
A puff of flame appears from out of thin air!
The puff of flame misses you. Something hits you but does no damage.
You miss something. x2; You hit something.
Something hits you but does no damage. x3
You hit something. x2; You barely miss something.
Something hits you but does no damage. x2
You hear some strange, mumbled words.
A magic dart appears from out of thin air!
The magic dart hits you but does no damage.
You closely miss something. You barely miss something. x2
Something hits you but does no damage. x4; Something hits you.
* * * LOW HITPOINT WARNING * * *
Something hits you but does no damage.
You miss something. x2; You closely miss something.
Something hits you.
* * * LOW HITPOINT WARNING * * *
Something completely misses you.
You hear some strange, mumbled words.
A puff of flame appears from out of thin air!
The puff of flame hits you.
* * * LOW HITPOINT WARNING * * *
You closely miss something. You barely miss something.
You closely miss something. Something hits you.
* * * LOW HITPOINT WARNING * * *
You hear some strange, mumbled words.
Something tries to affect you, but you resist.
Something hits you but does no damage.
You hear some strange, mumbled words.
A puff of flame appears from out of thin air!
The puff of flame hits you but does no damage.
Something hits you but does no damage. x2
You closely miss something. You hit something. You miss something.
Something hits you but does no damage.
You hear some strange, mumbled words.
A magic dart appears from out of thin air!
The magic dart hits you.
You die...

.# ##..####...+ .#
#..###....# .#
#..##.....# .#
#..##.⌠.⌠.# .##
#.>....⌠..+
#.#####<.##.⌠.⌠.#
##.......##.....####
#.######.###....#..#
.#.......# ##...@{_#
.#<####### ##.{#{.#
.#.# ####### .#.#
.#.# .#.# ...# ###


There were no monsters in sight!

Vanquished Creatures
  An adder (D:2)
  3 gnolls (D:2)
  4 dart slugs
  An orc (D:2)
  4 bats
  4 endoplasms
  2 giant cockroaches (D:1)
  4 hobgoblins
  10 kobolds
  A quokka (D:2)
  8 ball pythons
  2 frilled lizards
  4 goblins (D:1)
  3 rats
  A spectral hobgoblin (D:2)
52 creatures vanquished.

Vanquished Creatures (others)
  An orc wizard (D:3)
  4 toadstools (D:2)
5 creatures vanquished.

Grand Total: 57 creatures vanquished

Notes
Turn   | Place    | Note
-------+----------+-------------------------------------------
     0 | D:1      | Plasmagod the Gargoyle Fighter began the quest for the Orb.
     0 | D:1      | Reached XP level 1. HP: 14/14 MP: 1/1
    19 | D:1      | Reached XP level 2. HP: 10/19 MP: 2/2
   286 | D:1      | Reached skill level 4 in Fighting
   439 | D:1      | Reached XP level 3. HP: 22/24 MP: 3/3
   471 | D:1      | Found Bezots's Antique Weapon Emporium.
  1002 | D:2      | Reached skill level 5 in Fighting
  1002 | D:2      | Reached XP level 4. HP: 26/31 MP: 4/4
  1286 | D:2      | Got the Precepts of the Spider and the Atmosphere
  1583 | D:2      | Found a faded altar of an unknown god.
  1782 | D:3      | Found a radiant altar of Vehumet.
  1794 | D:3      | HP: 1/32 [something (1)]
  1795 | D:3      | Killed from afar by an orc wizard

Illustrated notes

Levels and vault maps discovered:
D:1:      scummos_arrival_forest, layout_rooms, serial_shops, shop
D:2:      layout_basic, dreamdust_ecumenical_altar_drowned_temple,
          serial_park_tiny_1, minmay_gold_behind_fungi
D:3:      layout_loops_ring, palyth_temple_overflow_mages,
          nicolae_uskayaw_en_pointe

Skill      XL: |  1  2  3 |
---------------+----------+-----
Axes           | 2 |  2.1
Fighting       | 4 5 |  5.8
Armour         | |  3.2
Shields        | |  3.2

Action                   |  1- 3 |  4- 6 || total
-------------------------+-------+-------++-------
Melee: War axe           |    90 |    50 ||   140
Armor: Scale mail        |    66 |    52 ||   118
Dodge: Dodged            |    47 |    17 ||    64
Block: Buckler           |    15 |     5 ||    20

Table legend: (Time is in decaauts)
 A = Elapsed time spent in this place.
 B = Non-inter-level travel time spent in this place.
 C = Inter-level travel time spent in this place.
 D = Time resting spent in this place.
 E = Time spent auto-exploring this place.
 F = Levels seen in this place.
 G = Mean time per level.
                   A        B        C        D        E       F      G
               +--------+--------+--------+--------+--------+-----+--------+
         Total |   1862 |   1838 |     24 |      0 |   1494 |   3 |  620.7 |
       Dungeon |   1862 |   1838 |     24 |      0 |   1494 |   3 |  620.7 |
               +--------+--------+--------+--------+--------+-----+--------+

Top non-repeatable levels by time:
     D:2: 957 daAuts
     D:1: 832 daAuts
     D:3: 73 daAuts
